Map: Triton LE

Players

Ketoacidosis - Winner!

  • Race: Terran Terran
  • League: Diamond
  • Spawn Location: 5:00

Rainforest

  • Race: Terran Terran
  • League: Diamond
  • Spawn Location: 11:00

VOD

Have the link to the VOD?

Description

Time

  • Played on: Dec. 14, 2019, 5:52 p.m.
  • Length: 7:59
Show
View Real Time Build Order
Export as new Build Order

Ketoacidosis Terran - Winner!

Build Orders:  

Get SALT Encoding   

  12  0:00  SCV  
  13  0:12  SCV  
  14  0:17  Supply Depot  
  14  0:24  SCV  
  14  0:28  Refinery  
  15  0:38  SCV  
  16  0:45  Barracks  
  16  0:50  SCV  
  16  0:55  Refinery  
  17  1:02  SCV  
  18  1:15  SCV  
  19  1:32  Reaper, Orbital Command  
  19  1:36  Factory  
  20  1:51  Supply Depot  
  20  1:59  SCV  
  21  2:05  Reaper  
  22  2:13  SCV  
  23  2:21  Hellion  
  25  2:29  Command Center  
  25  2:32  SCV  
  26  2:37  Barracks Reactor  
  26  2:43  Hellion  
  28  2:45  SCV  
  28  2:49  Supply Depot  
  29  2:57  SCV  
  30  3:03  Starport  
  30  3:05  Factory Tech Lab  
  30  3:09  SCV  
  29  3:27  SCV  
  29  3:30  Marine x2  
  29  3:31  Cyclone  
  35  3:39  SCV  
  35  3:49  Orbital Command  
  35  3:55  Marine x2  
  36  3:58  Medivac  
  36  3:59  SCV  
  39  4:11  SCV  
  39  4:13  Marine x2  
  39  4:14  Siege Tank  
  45  4:23  SCV  
  46  4:40  Marine x2  
  46  4:41  Starport Tech Lab  
  46  4:42  SCV x2  
  50  4:54  SCV x2  
  50  4:58  Marine x2  
  54  5:03  Supply Depot x2  
  54  5:05  Siege Tank, Raven  
  54  5:06  SCV x2  
  61  5:07  Command Center  
  59  5:18  SCV x2  
  61  5:23  Marine  
  61  5:24  Marine  
  61  5:27  Supply Depot x2  
  63  5:30  SCV  
  63  5:32  Barracks  
  63  5:33  Supply Depot  
  64  5:41  Marine  
  64  6:03  SCV  
  64  6:05  Siege Tank  
  65  6:16  SCV x2, Marine, Engineering Bay x2  
  65  6:17  Barracks x2  
  68  6:21  Viking x2  
  68  6:23  Barracks Reactor  
  72  6:33  Orbital Command  
  72  6:34  Marine  
  72  6:36  Barracks, SCV  
  72  6:37  SCV  
  68  7:01  Marine x2  
  63  7:11  SCV x2, Marine  
  63  7:12  Marine x2  
  63  7:13  Medivac x2, Siege Tank  
  75  7:19  Refinery, Marine  
  76  7:23  SCV x2  
  76  7:25  Orbital Command  
  78  7:32  Marine x4  
  78  7:36  Marine  
  83  7:48  Barracks Reactor  
  83  7:50  Barracks Reactor  
Show
View Real Time Build Order
Export as new Build Order

Rainforest Terran 

Build Orders: Reaper Expand 

Get SALT Encoding   

  12  0:01  SCV  
  13  0:13  SCV  
  14  0:18  Supply Depot  
  14  0:25  SCV  
  15  0:39  SCV  
  15  0:41  Barracks  
  16  0:44  Refinery  
  16  0:51  SCV  
  17  1:04  SCV  
  18  1:16  SCV  
  19  1:28  Orbital Command  
  19  1:29  Reaper  
  20  1:44  Command Center  
  20  1:51  Barracks  
  20  1:54  SCV  
  21  2:02  Barracks Reactor  
  21  2:06  SCV  
  21  2:07  Supply Depot  
  22  2:13  Refinery  
  22  2:18  SCV  
  23  2:24  Factory  
  23  2:30  SCV  
  24  2:38  Barracks Tech Lab  
  24  2:39  Marine x2  
  24  2:43  SCV  
  27  2:55  SCV, Orbital Command  
  28  2:59  Marine x3  
  28  3:05  Stimpack  
  31  3:17  Marine x3  
  31  3:25  SCV x2  
  33  3:29  Starport  
  33  3:30  Factory Reactor  
  33  3:34  Marine x2  
  33  3:35  Marine  
  33  3:37  SCV  
  34  3:51  SCV x2  
  34  3:52  Marine x2  
  38  3:57  Supply Depot  
  38  3:58  Marine  
  39  4:03  SCV x2  
  41  4:10  Marine x2  
  41  4:15  SCV x2, Supply Depot, Marine  
  46  4:18  Factory Tech Lab  
  46  4:19  Medivac x2  
  48  4:27  SCV x2  
  48  4:38  Marine x2  
  50  4:39  SCV, Siege Tank  
  50  4:45  SCV, Marine  
  56  4:48  Barracks  
  56  4:52  SCV  
  56  4:55  Marine  
  56  4:56  Marine  
  56  4:57  SCV  
  59  5:02  Marine  
  59  5:04  SCV, Refinery  
  59  5:06  Refinery  
  61  5:09  SCV  
  61  5:13  Marine x2  
  64  5:16  SCV  
  64  5:17  Medivac  
  64  5:18  Medivac  
  64  5:20  Marine  
  70  5:23  Supply Depot  
  70  5:38  Supply Depot x2  
  70  5:41  Barracks Reactor  
  70  5:44  Combat Shield  
  70  5:45  SCV, Marine x3  
  70  5:46  Supply Depot  
  64  6:02  Marine x3  
  64  6:03  Siege Tank  
  68  6:06  SCV  
  69  6:19  Marine x2  
  69  6:20  Medivac, SCV, Marine x3  
  69  6:23  SCV  
  78  6:37  Marine x2  
  78  6:38  Marine x3  
  83  6:44  Siege Tank  
  80  6:56  Marine x2  
Tags
 
Matchup
TvT
Race
Terran
Spawn Locations
Cross Positions
Add a new tag
Caveats
  • Supply blocks, unpowered buildings, or Contaminate may cause inaccurate times.
  • Supply counts are checked every 10 seconds.